Map: Terrasses de Prion

Players

zidar - Winner!

  • Race: Zerg Zerg
  • League: Silver
  • Spawn Location: 11:00

Fariac

  • Race: Zerg Zerg
  • League: Silver
  • Spawn Location: 5:00

VOD

Have the link to the VOD?

Description

Time

  • Played on: Nov. 22, 2015, 11:07 a.m.
  • Length: 7:57
Show
View Real Time Build Order
Export as new Build Order

zidar Zerg - Winner!

Build Orders: Pool First 

Get SALT Encoding   

  12  0:02  Drone  
  13  0:14  Overlord  
  13  0:17  Drone  
  14  0:32  Drone x2  
  16  0:42  Spawning Pool  
  15  0:46  Drone  
  16  0:52  Drone  
  16  0:53  Extractor  
  16  1:00  Overlord  
  16  1:29  Zergling x4  
  18  1:35  Queen  
  18  1:37  Zergling x2  
  20  2:01  Zergling x4  
  22  2:10  Zergling x2  
  23  2:24  Zergling x2  
  23  2:25  Zergling x2  
  23  2:27  Metabolic Boost  
  25  2:40  Zergling x2  
  25  3:03  Zergling x6  
  28  3:42  Hatchery  
  28  3:45  Baneling Nest  
  28  3:47  Roach Warren  
  24  4:11  Queen  
  16  4:36  Zergling x6  
  16  4:37  Zergling x6  
  21  5:10  Roach  
  21  5:11  Roach x6  
  21  5:14  Overlord  
  35  5:17  Baneling  
  35  5:18  Baneling  
  26  6:23  Roach  
  26  6:24  Roach x6  
  40  6:27  Ravager  
  40  6:28  Ravager  
  42  6:50  Ravager  
  43  7:00  Zergling x2  
  44  7:06  Overlord  
  44  7:18  Overlord  
Show
View Real Time Build Order
Export as new Build Order

Fariac Zerg 

Build Orders: Hatch First 

Get SALT Encoding   

  12  0:01  Drone  
  13  0:09  Drone  
  14  0:19  Overlord  
  14  0:28  Extractor  
  14  0:29  Drone  
  15  0:37  Drone x2  
  17  0:44  Drone  
  18  1:00  Drone  
  19  1:05  Hatchery  
  19  1:06  Extractor  
  19  1:07  Drone  
  18  1:21  Spawning Pool  
  18  1:24  Drone  
  18  2:00  Overlord  
  18  2:01  Overlord  
  18  2:13  Zergling x4  
  20  2:16  Queen  
  20  2:21  Spine Crawler  
  21  2:24  Zergling x2  
  22  2:36  Zergling x2  
  25  2:37  Zergling x4  
  25  2:41  Metabolic Boost  
  25  3:13  Baneling Nest  
  25  3:17  Evolution Chamber  
  22  3:35  Spine Crawler  
  22  3:37  Zergling x10  
  26  3:50  Zerg Ground Armor Level 1  
  26  3:52  Drone x2  
  28  3:59  Baneling x2  
  28  4:12  Drone x2  
  26  4:30  Zergling x2  
  26  4:31  Zergling x4  
  26  4:53  Hatchery  
  25  5:06  Baneling x4  
  24  5:27  Drone x2  
  24  5:28  Drone x4  
  26  6:07  Queen  
  26  6:08  Zergling x2  
  26  6:09  Zergling x6  
  30  6:15  Lair  
  30  6:23  Drone  
  30  6:24  Drone x2  
  30  6:25  Evolution Chamber  
  32  6:29  Baneling x2  
  32  6:43  Drone x3  
  32  6:44  Drone x3  
  38  7:06  Zergling x2  
  38  7:07  Zergling x6  
  42  7:24  Hatchery  
  40  7:30  Drone  
  40  7:31  Spine Crawler x2, Drone x6  
Tags
 
Add a new tag
Caveats
  • Supply blocks, unpowered buildings, or Contaminate may cause inaccurate times.
  • Supply counts are checked every 10 seconds.